 Dungeon Crawl Stone Soup version 0.27.0-1-g7a089689b8 (webtiles) character file.

Game seed: 14267861925533863432

22994 ZARRMARR the Thrower (level 12, -3/103 HPs)
             Began as a Minotaur Fighter on Aug 13, 2021.
             Was an Elder of Makhleb.
             Slain by a seven-headed hydra (7 damage)
             ... on level 2 of the Lair of Beasts.
             The game lasted 02:05:20 (17930 turns).

ZARRMARR the Thrower (Minotaur Fighter)            Turns: 17930, Time: 02:05:22

Health: -3/103     AC: 10    Str: 27 (28) XL:     12   Next: 67%
Magic:  17/17      EV: 13    Int:  4 (5)  God:    Makhleb [****..]
Gold:   603        SH:  7    Dex: 13 (14) Spells: 11/11 levels left

rFire    . . .     SeeInvis .   a - +0 war axe
rCold    . . .     Faith    .   N - +2 buckler
rNeg     . . .     Spirit   .   B - +3 ring mail {rPois}
rPois    +         Reflect  .   (helmet restricted)
rElec    .         Harm     .   (no cloak)
rCorr    .         Rampage  .   (no gloves)
Will     .....                  (no boots)
Stlth    ++........             (no amulet)
HPRegen  0.27/turn              t - +6 ring of strength
MPRegen  0.15/turn              y - +4 ring of slaying

@: brilliant
A: horns 2, retaliatory headbutt
a: Renounce Religion, Minor Destruction, Lesser Servant of Makhleb, Major
Destruction


You were on level 2 of the Lair of Beasts.
You worshipped Makhleb.
Makhleb was greatly pleased with you.
You visited 2 branches of the dungeon, and saw 13 of its levels.

You collected 753 gold pieces.
You spent 150 gold pieces at shops.

Inventory:

Hand Weapons
 a - a +0 war axe (weapon)
 x - the +6 spear of Extinguishment {vorpal, rN+ rCorr}
   (You found it on level 1 of the Lair of Beasts)

   It inflicts extra damage upon your enemies.
   rN:        It protects you from negative energy.
   rCorr:     It protects you from acid and corrosion.
 C - a +0 vorpal flail
 K - the +7 Spriggan's Knife {stab, EV+4 Stlth+}
   (You found it on level 7 of the Dungeon)

   It is more effective when stabbing unaware enemies, treating them as though
   they were completely helpless.
   EV:        It affects your evasion (+4).
   Stlth:     It makes you more stealthy.
Missiles
 e - 11 boomerangs
 w - 2 curare-tipped darts (quivered)
 Q - 6 datura-tipped darts
 W - 13 poisoned darts
 Z - 2 javelins
Armour
 B - a +3 ring mail of poison resistance (worn)
 N - a +2 buckler (worn)
 O - +0 steam dragon scales
 T - a +0 troll leather armour
 U - a +2 ring mail of fire resistance
 V - +0 acid dragon scales
Magical Staves
 L - a staff of death
 M - a staff of fire
Jewellery
 t - a +6 ring of strength (left hand)
 y - a +4 ring of slaying (right hand)
 I - the ring "Loiddo" {Fly rC+ MP+9 Str+3 Dex-4}
   (You found it on level 7 of the Dungeon)

   [ring of magical power]

   Str:       It affects your strength (+3).
   Dex:       It affects your dexterity (-4).
   rC:        It protects you from cold.
   MP:        It affects your magic capacity (+9).
   Fly:       It grants you flight.
Wands
 b - a wand of polymorph (21)
 h - a wand of charming (14)
 D - a wand of digging (5)
 F - a wand of paralysis (5)
Scrolls
 g - a scroll of fear
 i - 4 scrolls of enchant weapon
 k - 2 scrolls of holy word
 l - 5 scrolls of teleportation
 p - 2 scrolls of silence
 q - a scroll of blinking
 s - a scroll of magic mapping
 z - 2 scrolls of amnesia
 H - 2 scrolls of fog {unknown}
Potions
 c - 3 potions of curing
 d - a potion of ambrosia {unknown}
 f - a potion of berserk rage
 j - 2 potions of degeneration
 m - a potion of cancellation {unknown}
 n - 3 potions of mutation
 o - 5 potions of haste
 r - 2 potions of attraction {unknown}
 u - 2 potions of heal wounds {unknown}
 v - 2 potions of lignification {unknown}
 A - 2 potions of resistance {unknown}
 E - 2 potions of invisibility {unknown}
 G - 4 potions of brilliance
 S - a potion of might
 X - a potion of experience {unknown}
 Y - a potion of flight {unknown}
Miscellaneous
 P - a phial of floods (inert)


   Skills:
 + Level 8.7 Fighting
 * Level 5.8 Short Blades
 - Level 9.6 Axes
 + Level 10.5 Throwing
 + Level 9.1 Armour
 + Level 4.8 Dodging
 + Level 5.1 Stealth
 - Level 6.3 Shields
 * Level 8.4 Invocations
 + Level 4.9 Evocations


You had 11 spell levels left.
You didn't know any spells.
Your spell library contained the following spells:

 Spells                   Type           Power      Damage    Failure   Level
 Slow                     Hex            0%         N/A       75%         2
 Static Discharge         Conj/Air       0%         N/A       75%         2
 Confusing Touch          Hex            0%         N/A       93%         3
 Dazzling Flash           Conj/Hex       0%         N/A       93%         3
 Vampiric Draining        Necr           0%         2d6       93%         3
 Cause Fear               Hex            0%         N/A       100%        4
 Iskenderun's Mystic Bla  Conj/Tloc      0%         2d3       100%        4
 Olgreb's Toxic Radiance  Pois           0%         N/A       100%        4
 Alistair's Intoxication  Tmut/Pois      0%         N/A       100%        5
 Borgnjor's Vile Clutch   Necr/Erth      0%         N/A       100%        5
 Lightning Bolt           Conj/Air       0%         1d11      100%        5
 Summon Forest            Summ/Tloc      0%         N/A       100%        5
 Summon Mana Viper        Hex/Summ       0%         N/A       100%        5
 Eringya's Noxious Bog    Tmut/Pois      0%         N/A       100%        6
 Shadow Creatures         Summ           N/A        N/A       100%        6
 Starburst                Conj/Fire      0%         8x6d3     100%        6
 Dragon Form              Tmut           0%         N/A       100%        7
 Ozocubu's Refrigeration  Ice            0%         4d5       100%        7
 Ignition                 Fire           0%         3d3       100%        8
 Maxwell's Capacitive Co  Air            0%         ∞         100%        8
 Dragon's Call            Summ           0%         N/A       100%        9


Dungeon Overview and Level Annotations

Branches:
Dungeon (11/15)            Temple (0/1) D:7            Lair (2/6) D:8
    Orc (0/2) D:10
  Swamp: Lair:2-4    Shoals: Lair:2-4     Snake: Lair:2-4    Spider: Lair:2-4

Altars:
Dithmenos
Elyvilon
Kikubaaqudgha
Makhleb
Nemelex Xobeh
Okawaru
Trog
Uskayaw
Vehumet
Xom
Yredelemnul

Shops:
D:6 !   D:7 !   D:10 *

Annotations:
D:10 3 runed translucent doors, lukano's ghost, novice MiAK
Lair:2 1 transporter, shadowrider38's ghost, journeyman OpBe


Innate Abilities, Weirdness & Mutations

You have a pair of horns on your head.
You reflexively headbutt those who attack you in melee.


Message History

Shadowrider38's ghost hits you.
You slash the komodo dragon! You headbutt the komodo dragon!
The komodo dragon is heavily wounded.
You completely miss the polar bear. You hit shadowrider38's ghost.
The polar bear bites you!
The polar bear claws you but does no damage. x2
Shadowrider38's ghost hits you!!
Your hellwing hits the komodo dragon!
Your hellwing hits the komodo dragon but does no damage.
As you read the scroll of fear, it crumbles to dust.
You assume a fearsome visage.
The komodo dragon looks frightened! x2
The polar bear looks frightened!
The seven-headed hydra easily resists.
Shadowrider38's ghost is unaffected.
The komodo dragon barely misses your hellwing.
Shadowrider38's ghost hits you!!
It was a potion of brilliance.
You feel clever all of a sudden. The seven-headed hydra bites you.
The seven-headed hydra bites you!
* * * LOW HITPOINT WARNING * * *
The seven-headed hydra bites you.
* * * LOW HITPOINT WARNING * * *
The seven-headed hydra bites you.
* * * LOW HITPOINT WARNING * * *
You block the seven-headed hydra's attack.
The seven-headed hydra misses you.
You block the seven-headed hydra's attack.
Shadowrider38's ghost completely misses you.
Your hellwing hits the komodo dragon.
Your hellwing's attack snaps the komodo dragon out of its fear.
Your hellwing hits the komodo dragon.
Blink to where?
Press: ? - help, Dir - move target, p - shadowrider38's ghost
Okay, then.
Unknown command.
It was a potion of degeneration.
There was something very wrong with that liquid.
You feel weakened.
You feel dopey.
You feel clumsy. Shadowrider38's ghost hits you!
* * * LOW HITPOINT WARNING * * *
x2 The seven-headed hydra bites you!
You die...

###....#.........##...>.....#...
##....P##...P##.....#.P.......##.
#......#.<......©.........##.....
......##....#########..#...#.P...
...^..##...##8$=?(.8##.#..##.....
........(..#©........#...###.....
...........#.........#.#.P##.....
##.#.#.###.#....D...l#.#.##.#....
##.##### #.#....@....#.#.>.......
#...# ##.#....W.4..#.##..###...
...## #P.#../......#.#...###..#
#P..# ##.#h......l.#.#.PP.#...#
##.## #..##8.....8##.#.....#..#
##..# ##..#########..##....#...
##.## #.#....(©..............<.
##.# ###..#.....##.......PP...
#P.## ###.P..#..[........#...


You could see a seven-headed hydra, a polar bear (fleeing), 2 komodo dragons,
shadowrider38's ghost and a friendly hellwing (summoned).

Vanquished Creatures
  2 hydras
  2 two-headed ogres
  Sonja (Lair:1)
  Pikel (D:7)
  3 oklob plants (Lair:1)
  A manticore (D:11)
  5 elephants (Lair:2)
  A cyclops (D:11)
  Joseph (D:8)
  2 cane toads
  Psyche (D:8)
  Maggie (D:6)
  2 komodo dragons
  3 kobold demonologists
  3 trolls
  7 polar bears
  A hornet (D:8)
  2 shadows
  3 basilisks
  23 yaks
  4 vampire mosquitoes (D:8)
  Edmund (D:6)
  3 water moccasins
  3 acid dragons
  Duvessa (D:6)
  2 orc warriors
  3 ice beasts
  8 black bears
  A sky beast (D:6)
  2 necrophages (D:5)
  3 wolves (Lair:2)
  2 ogres
  5 centaurs
  2 lemures (D:7)
  A phantom (D:5)
  3 kobold brigands
  Blork the orc (D:5)
  A scorpion (D:6)
  6 bullfrogs
  2 gnoll sergeants
  A wyvern skeleton (D:7)
  3 water moccasin zombies (D:5)
  2 water moccasin skeletons
  Dowan (D:6)
  6 howler monkeys
  3 electric eels
  2 bullfrog zombies (D:5)
  A bullfrog skeleton (D:7)
  4 centaur zombies
  5 hounds
  A human zombie (D:5)
  6 orc priests
  A centaur skeleton (D:7)
  Jessica (D:3)
  Ijyb (D:3)
  6 iguanas
  7 orc wizards
  A hound skeleton (D:5)
  A mummy (D:5)
  3 howler monkey zombies
  9 adders
  12 gnolls
  A howler monkey skeleton (D:4)
  3 shadow imps
  2 white imps
  3 adder skeletons (D:4)
  A worm (D:3)
  A dart slug (D:2)
  34 orcs
  5 ball pythons
  5 bats
  6 endoplasms
  8 giant cockroaches
  10 goblins
  6 hobgoblins
  6 jackals
  4 quokkas
  3 frilled lizards
  13 kobolds
  2 rats (D:1)
309 creatures vanquished.

Vanquished Creatures (collateral kills)
  2 yaks (Lair:1)
  A black bear (Lair:1)
3 creatures vanquished.

Vanquished Creatures (others)
  3 fungi
  8 plants (Lair:1)
11 creatures vanquished.

Grand Total: 323 creatures vanquished

Notes
Turn   | Place    | Note
-------+----------+-------------------------------------------
     0 | D:1      | ZARRMARR the Minotaur Fighter began the quest for the Orb.
     0 | D:1      | Reached XP level 1. HP: 19/19 MP: 0/0
   243 | D:1      | Reached XP level 2. HP: 27/27 MP: 1/1
   382 | D:1      | Found a faded altar of an unknown god.
   726 | D:1      | You fall into a shaft and drop 1 floor!
   995 | D:1      | Reached skill level 1 in Throwing
  1091 | D:2      | Reached XP level 3. HP: 33/33 MP: 2/2
  1743 | D:3      | Reached XP level 4. HP: 40/41 MP: 3/3
  1845 | D:3      | Reached skill level 2 in Throwing
  1979 | D:3      | Noticed Jessica
  1991 | D:3      | Killed Jessica
  2097 | D:3      | Found a sparkling altar of Nemelex Xobeh.
  2514 | D:3      | Reached XP level 5. HP: 47/47 MP: 4/4
  2618 | D:3      | Noticed Ijyb
  2625 | D:3      | Killed Ijyb
  3007 | D:4      | Noticed an ogre
  3016 | D:4      | Killed an ogre
  3017 | D:4      | Reached skill level 5 in Fighting
  3017 | D:4      | Reached skill level 3 in Throwing
  3175 | D:4      | Found a transporter.
  3198 | D:4      | Found a transporter.
  3259 | D:4      | Reached XP level 6. HP: 56/56 MP: 5/5
  3313 | D:4      | Found a hide-covered altar of Uskayaw.
  3313 | D:4      | Found a white marble altar of Elyvilon.
  3344 | D:4      | Reached skill level 5 in Armour
  3423 | D:4      | Noticed a kobold demonologist
  3845 | D:4      | Found a burning altar of Makhleb.
  3845 | D:4      | Noticed a green death
  3848 | D:4      | Noticed a smoke demon
  3848 | D:4      | Noticed a ynoxinul
  3850 | D:4      | Became a worshipper of Makhleb the Destroyer
  4357 | D:5      | Entered Level 5 of the Dungeon
  4367 | D:5      | Reached skill level 4 in Throwing
  4439 | D:5      | Reached XP level 7. HP: 61/61 MP: 6/6
  4517 | D:5      | Reached skill level 1 in Evocations
  4660 | D:5      | Reached skill level 5 in Throwing
  4803 | D:5      | Reached skill level 5 in Axes
  4807 | D:5      | Reached * piety under Makhleb
  5144 | D:5      | Noticed Blork the orc
  5154 | D:5      | Killed Blork the orc
  5160 | D:5      | Reached XP level 8. HP: 33/68 MP: 7/7
  5424 | D:5      | Found a shimmering altar of Xom.
  5501 | D:5      | Found a basalt altar of Yredelemnul.
  5515 | D:5      | Reached skill level 1 in Dodging
  5537 | D:5      | Reached skill level 5 in Shields
  6164 | D:6      | Reached skill level 6 in Throwing
  6169 | D:6      | Found Kamil's Distillery.
  6220 | D:6      | Bought a potion of mutation for 88 gold pieces
  6407 | D:6      | Reached skill level 1 in Stealth
  6407 | D:6      | Reached XP level 9. HP: 75/75 MP: 8/8
  6466 | D:6      | Noticed Edmund
  6473 | D:6      | Killed Edmund
  6514 | D:6      | Noticed Maggie
  6519 | D:6      | Reached ** piety under Makhleb
  6734 | D:6      | Killed Maggie
  7047 | D:6      | Noticed Duvessa
  7051 | D:6      | Noticed Dowan
  7060 | D:6      | Killed Dowan
  7061 | D:6      | Reached skill level 7 in Throwing
  7070 | D:6      | Killed Duvessa
  7238 | D:6      | Noticed a troll
  7243 | D:6      | Killed a troll
  7632 | D:7      | Found a bloodstained altar of Trog.
  7658 | D:7      | Found a shadowy altar of Dithmenos.
  7683 | D:7      | Found a staircase to the Ecumenical Temple.
  7706 | D:7      | Found Dyilinek's Distillery.
  8054 | D:7      | Noticed Pikel
  8059 | D:7      | Killed Pikel
  8060 | D:7      | Reached skill level 1 in Invocations
  8060 | D:7      | Reached XP level 10. HP: 78/84 MP: 9/9
  8622 | D:7      | Found the +7 Spriggan's Knife {stab, EV+4 Stlth+}
  8623 | D:7      | Identified the ring "Loiddo" {Fly rC+ MP+9 Str+3 Dex-4}
  9250 | D:4      | Noticed a soul eater
  9258 | D:4      | Reached skill level 1 in Short Blades
  9894 | D:8      | Noticed a two-headed ogre
  9903 | D:8      | Killed a two-headed ogre
 10150 | D:8      | Found a staircase to the Lair.
 10192 | D:8      | Noticed Psyche
 10206 | D:8      | Killed Psyche
 10207 | D:8      | Reached skill level 8 in Throwing
 10396 | D:8      | Found an iron altar of Okawaru.
 10633 | D:8      | Noticed Joseph
 10638 | D:8      | Killed Joseph
 10799 | D:9      | Reached XP level 11. HP: 60/92 MP: 13/13
 11403 | D:9      | Reached *** piety under Makhleb
 11442 | D:9      | Found a radiant altar of Vehumet.
 12157 | D:10     | Entered Level 10 of the Dungeon
 12180 | D:10     | Found a runed translucent gate.
 12180 | D:10     | Found a runed translucent gate.
 12180 | D:10     | Found a runed translucent gate.
 12346 | D:10     | Found Hohetigge's Assorted Antiques.
 12355 | D:10     | Bought a scroll of identify for 62 gold pieces
 12476 | D:10     | Noticed lukano's ghost (novice MiAK)
 12560 | D:10     | Found a staircase to the Orcish Mines.
 12976 | D:10     | Found an ancient bone altar of Kikubaaqudgha.
 13365 | D:11     | Noticed a seven-headed hydra
 13397 | D:11     | Killed a seven-headed hydra
 13854 | D:11     | Reached skill level 5 in Invocations
 14131 | D:11     | Reached skill level 9 in Throwing
 14159 | D:11     | Reached **** piety under Makhleb
 14161 | D:11     | Noticed a two-headed ogre
 14165 | D:11     | Killed a two-headed ogre
 14166 | D:11     | Reached skill level 5 in Short Blades
 14875 | Lair:1   | Entered Level 1 of the Lair of Beasts
 15158 | D:8      | Reached XP level 12. HP: 80/103 MP: 15/15
 15803 | Lair:1   | Noticed Sonja
 15907 | Lair:1   | Killed Sonja
 15908 | Lair:1   | Reached skill level 10 in Throwing
 16084 | Lair:1   | Identified the +6 spear of Extinguishment {vorpal, rN+
                  | rCorr}
 17003 | Lair:2   | Found a transporter.
 17005 | Lair:2   | Noticed shadowrider38's ghost (journeyman OpBe)
 17012 | Lair:2   | Noticed a seven-headed hydra
 17016 | Lair:2   | Found a transporter.
 17018 | Lair:2   | Found the ring of the Octopus King
 17298 | Lair:2   | Reached skill level 5 in Stealth
 17562 | Lair:2   | Noticed a seven-headed hydra
 17570 | Lair:2   | Killed a seven-headed hydra
 17930 | Lair:2   | HP: 4/103 [shadowrider38's ghost (3)]
 17930 | Lair:2   | Slain by a seven-headed hydra

Illustrated notes

Levels and vault maps discovered:
D:1:      mainiacjoe_arrival_reflecting_pool, layout_loops_corners,
          basic_ecumenical_altar
D:2:      layout_rooms
D:3:      layout_basic, mainiacjoe_overflow_cross_hatched,
          chequers_serial_rivers_large_a, uniq_ijyb, uniq_jessica
D:4:      gammafunk_wand_slinger, layout_gridville,
          nicolae_overflow_hidden_temple, makhleb_altar_promises_db,
          grunt_tough_drop
D:5:      layout_basic, lemuel_doored_altar, lemuel_mausoleum_altar_yredelemnul,
          uniq_blork_the_orc
D:6:      layout_basic, serial_shops, shop_fountains, uniq_duvessa, uniq_maggie,
          uniq_edmund
D:7:      layout_loops_corners, old_standard_altar,
          mainiacjoe_overflow_tiny_flanked, minmay_temple_entry_junction_2,
          serial_shops, nicolae_shop_window_shopping, minmay_the_grid_2x2
          [minmay_the_grid_empty, minmay_the_grid_medium_cups,
          minmay_the_grid_empty, minmay_the_grid_prize_shrinking_boxes],
          uniq_pikel
D:8:      layout_basic, lemuel_coloured_pillars_altar, dpeg_oklobed_lair,
          uniq_psyche, uniq_joseph
D:9:      layout_roguey, kennysheep_mini, hangedman_decor_growths
D:10:     layout_basic, lemuel_tele_altar, orc_0_dummy, serial_shops,
          nicolae_shop_crystal, gammafunk_ghost_icy
D:11:     cheibrodos_helix_gallery, layout_loops_cross
Lair:1:   beast_lair_carwin_large_4, layout_cave_pods, serial_bayou_shore_a,
          minmay_lair_oklob_chamber, uniq_sonja
Lair:2:   layout_loops_ring, gammafunk_ghost_arena, lemuel_fruit_fields

Skill      XL: |  1  2  3  4  5  6  7  8  9 10 11 12 |
---------------+-------------------------------------+-----
Armour         | 4 5 6 7 8 9 |  9.1
Fighting       | 4 5 6 7 8 |  8.7
Throwing       | 1 2 3 4 5 6 7 8 9 10 | 10.5
Shields        | 4 5 6 |  6.3
Axes           | 3 4 5 7 9 |  9.6
Evocations     | 1 3 4 |  4.9
Dodging        | 1 2 3 4 |  4.8
Stealth        | 1 3 4 5 |  5.1
Invocations    | 1 4 6 8 |  8.4
Short Blades   | 3 5 |  5.8

Action                   |  1- 3 |  4- 6 |  7- 9 | 10-12 || total
-------------------------+-------+-------+-------+-------++-------
Melee: War axe           |    58 |    78 |   174 |   157 ||   467
       Headbutt          |     5 |    17 |    44 |   126 ||   192
       Knife             |       |       |       |   197 ||   197
Throw: Boomerang         |    17 |    14 |    20 |    20 ||    71
       Dart              |    52 |    73 |    47 |   200 ||   372
       Javelin           |       |       |       |     8 ||     8
Invok: Minor Destruction |       |       |       |    40 ||    40
       Lesser Servant of |       |       |       |     1 ||     1
Evoke: Wand              |       |    19 |    31 |    52 ||   102
       Phial of floods   |       |       |       |     1 ||     1
  Use: Scroll            |     3 |       |     5 |     8 ||    16
       Potion            |       |     1 |       |     3 ||     4
 Stab: Paralysed         |       |       |     8 |       ||     8
       Distracted        |       |       |     1 |       ||     1
       Sleeping          |       |       |       |    12 ||    12
Armor: Scale mail        |    21 |    26 |    40 |       ||    87
       Ring mail         |       |       |    14 |    94 ||   108
       Skin              |       |       |       |     4 ||     4
Dodge: Dodged            |    18 |    26 |    57 |   200 ||   301
Block: Kite shield       |    24 |    31 |    76 |    17 ||   148
       Buckler           |       |       |       |   106 ||   106
